 Dungeon Crawl Stone Soup version 0.28.0-43-g3370ac3207 (webtiles) character file.

Game seed: 3430249155058974462

231 croobank the Sneak (level 6, -9/36 HPs)
             Began as an Octopode Fire Elementalist on Mar 23, 2022.
             Mangled by an ogre
             ... wielding a +0 giant club
              (25 damage)
             ... on level 4 of the Dungeon.
             The game lasted 00:09:28 (3248 turns).

croobank the Sneak (Octopode Fire Elementalist)     Turns: 3248, Time: 00:09:29

Health: -9/36      AC:  1    Str:  8    XL:     6   Next: 4%
Magic:  0/10       EV: 17    Int: 19    God:
Gold:   111        SH:  0    Dex: 12    Spells: 4/11 levels left

rFire   . . .      SeeInvis .   q - +0 dagger (pain)
rCold   . . .      Faith    .   (no shield)
rNeg    . . .      Spirit   .   (helmet restricted)
rPois   .          Reflect  .   (no amulet)
rElec   .          Harm     .   g - +4 ring of evasion
rCorr   .          Rampage  .   (no ring)
Will    .....                   (no ring)
Stlth   ++++......              (no ring)
HPRegen 0.12/turn               (no ring)
MPRegen 0.12/turn               (no ring)
                                (no ring)
                                (no ring)

@: no status effects
A: almost no armour, amphibious, 8 rings, camouflage 1, gelatinous body 1,
(nimble swimmer 1), tentacles
a: no special abilities


You were on level 4 of the Dungeon.
You visited 1 branch of the dungeon, and saw 4 of its levels.

You collected 137 gold pieces.
You spent 26 gold pieces at shops.

Inventory:

Hand Weapons
 c - a +0 short sword
 p - a +1 mace of protection
 q - a +0 dagger of pain (weapon)
Missiles
 d - 113 stones
 k - 18 sling bullets
 m - 21 arrows
 r - 2 poisoned darts
Magical Staves
 l - a staff of death
Jewellery
 g - a +4 ring of evasion (left tentacle)
Scrolls
 e - a scroll of enchant armour
 n - a scroll of immolation
Potions
 a - 2 potions of curing
 b - a potion of flight
 f - a potion of mutation
 h - a potion of might
 i - a potion of heal wounds {unknown}
 j - a potion of cancellation
 o - 2 potions of lignification
 s - a potion of degeneration {unknown}


   Skills:
 + Level 3.2 Dodging
 + Level 4.4 Stealth
 + Level 3.1 Spellcasting
 + Level 2.5 Conjurations
 + Level 3.9 Fire Magic


You had 4 spell levels left.
You knew the following spells:

 Your Spells              Type           Power      Damage    Failure   Level
a - Foxfire               Conj/Fire      60%        2x1d7     4%          1
b - Scorch                Fire           34%        2d6       4%          2
c - Flame Wave            Conj/Fire      15%        2d6       36%         4

Your spell library contained the following spells:

 Spells                   Type           Power      Damage    Failure   Level
 Conjure Flame            Conj/Fire      15%        6-21      12%         3
 Inner Flame              Hex/Fire       10%        N/A       21%         3
 Ignite Poison            Fire/Tmut/Pois 7%         N/A       26%         3
 Mephitic Cloud           Conj/Pois/Air  6%         N/A       32%         3
 Freezing Cloud           Conj/Ice/Air   3%         6-21      96%         5
 Conjure Ball Lightning   Conj/Air       3%         3x3d6     100%        6
 Discord                  Hex            1%         N/A       100%        8
 Disjunction              Tloc           1%         N/A       100%        8


Dungeon Overview and Level Annotations

Branches:
Dungeon (4/15)
 Temple: D:4-7

Altars:

Shops:
D:1 ?   D:2 !


Innate Abilities, Weirdness & Mutations

You cannot wear most types of armour.
You are amphibious.
You can wear up to eight rings at the same time.
Your skin changes colour to match your surroundings (Stealth+).
Your rubbery body absorbs attacks. (AC +1, EV +1)
((You are camouflaged when in or above water. (Stealth+)))
You have tentacles for arms and can constrict up to eight enemies at once.


Message History

p - a +1 mace of protection
Casting: Flame Wave (extremely dangerous; 36% risk of failure)
Confirm with . or Enter, or press ? or * to list all spells.
You miscast Foxfire.
You are very lightly contaminated with residual magic.
Nothing appears to happen.
The ball python hisses angrily.
Found a manual of Spellcasting.
The ball python bites you. The ball python misses you.
A hobgoblin comes into view.
Your magical contamination has completely faded away.
Casting: Foxfire (safe; 4% risk of failure)
Confirm with . or Enter, or press ? or * to list all spells.
Flames lash the ball python.
You kill the ball python!
You hear the slow hiss of an avalanche of sand nearby.
A jelly comes into view.
The jelly moves out of view.
There is a stone staircase leading up here.
Casting: Scorch (safe; 4% risk of failure)
Confirm with . or Enter, or press ? or * to list all spells.
Flames lash the ogre.
The ogre is moderately wounded.
The ogre's fire resistance burns away.
The ogre barely misses you.
Casting: Scorch (safe; 4% risk of failure)
Confirm with . or Enter, or press ? or * to list all spells.
Flames lash the ogre.
The ogre is burned terribly!
The ogre is severely wounded.
Casting: Scorch (safe; 4% risk of failure)
Confirm with . or Enter, or press ? or * to list all spells.
You conjure some foxfire!
The ogre completely misses you.
You hit the ogre.
The ogre is severely wounded.
The foxfire hits the ogre but does no damage.
The ogre is severely wounded.
The foxfire hits the ogre.
The ogre is burned terribly!
The ogre is almost dead.
The ogre hits you with a +0 giant club!!
Ouch! That really hurt!
You die...

..>... #........
#......J. #######
#........ ###.....###
#.. ..... #.........##
#.#......
..####.....#####.#......
.#######....##...§....#
####...##...#.gO@...#.#
###:.....#........###
##..........#.#.<##
##...8....###.#...#
.#.......###)†..#.#
.##............##.#
..#....####.#.## .#
#..#..## #?..# ..
##...## #..##


You could see an ogre (combustible), a jelly and a hobgoblin.

Vanquished Creatures
  An orc priest (D:4)
  Natasha (thrice) (D:3)
  A hound skeleton (D:4)
  3 adders
  2 worms
  2 dart slugs
  2 orcs
  7 endoplasms
  4 giant cockroaches
  10 goblins
  4 hobgoblins
  4 jackals (D:2)
  8 kobolds
  A quokka (D:2)
  7 ball pythons
  9 bats
  6 frilled lizards
  7 rats
81 creatures vanquished.

Vanquished Creatures (others)
  76 foxfires
76 creatures vanquished.

Grand Total: 157 creatures vanquished

Notes
Turn   | Place    | Note
-------+----------+-------------------------------------------
     0 | D:1      | croobank the Octopode Fire Elementalist began the quest for
                  | the Orb.
     0 | D:1      | Reached XP level 1. HP: 11/11 MP: 3/3
   258 | D:1      | Reached XP level 2. HP: 17/17 MP: 3/5
   261 | D:1      | Learned a level 2 spell: Scorch
   318 | D:1      | Reached skill level 3 in Stealth
   675 | D:1      | Found a faded altar of an unknown god.
   913 | D:1      | Found Doenyob's Magic Scroll Boutique.
   917 | D:1      | Bought a scroll of identify for 26 gold pieces
   927 | D:1      | Reached XP level 3. HP: 21/21 MP: 4/6
  1315 | D:2      | You fall into a shaft and drop 1 floor!
  1330 | D:3      | Noticed Natasha
  1335 | D:3      | Killed Natasha
  1546 | D:3      | Reached XP level 4. HP: 27/27 MP: 2/7
  1551 | D:3      | Learned a level 4 spell: Flame Wave
  1771 | D:2      | Found Ullil's Distillery.
  2618 | D:3      | Reached XP level 5. HP: 31/31 MP: 5/9
  2718 | D:3      | Noticed Natasha
  2723 | D:3      | Killed Natasha
  2724 | D:3      | Reached skill level 4 in Stealth
  3080 | D:3      | Noticed Natasha
  3089 | D:3      | Killed Natasha
  3205 | D:4      | Reached XP level 6. HP: 12/36 MP: 2/10
  3248 | D:4      | Mangled by an ogre

Illustrated notes

Levels and vault maps discovered:
D:1:      roderic_chinese_lattice_arrival, layout_basic, serial_shops, shop,
          ebering_ecumenical_altar_rust
D:2:      layout_basic, serial_shops, shop, minmay_tetromino_l4
D:3:      layout_loops_ring, uniq_natasha
D:4:      layout_rooms, nicolae_overflow_hidden_temple,
          nicolae_ossuary_entry_false_entrances, minmay_manual_moon

Skill      XL: |  1  2  3  4  5 |
---------------+----------------+-----
Stealth        | 3 4 |  4.4
Conjurations   | 2 |  2.5
Dodging        | 3 |  3.2
Spellcasting   | 3 |  3.1
Fire Magic     | |  3.9

Action                   |  1- 3 |  4- 6 || total
-------------------------+-------+-------++-------
Melee: Short sword       |    15 |    36 ||    51
       Tentacles         |     4 |    15 ||    19
       Constrict         |     4 |    13 ||    17
       Dagger            |       |    12 ||    12
       Punch             |       |     1 ||     1
 Cast: Foxfire           |    22 |    24 ||    46
       Scorch            |    10 |    26 ||    36
       Flame Wave        |       |     1 ||     1
  Use: Scroll            |     4 |     4 ||     8
 Stab: Sleeping          |       |     1 ||     1
Armor: Skin              |       |     3 ||     3
Dodge: Dodged            |    16 |    44 ||    60
